 Dungeon Crawl Stone Soup version 0.22.1-2-g9c5b331 (webtiles) character file.

49 voilodion the Grave Robber (level 3, 0/24 HPs)
             Began as a Demonspawn Necromancer on Dec 2, 2018.
             Slain by a jackal (2 damage)
             ... on level 2 of the Dungeon.
             The game lasted 00:24:06 (1408 turns).

voilodion the Grave Robber (Demonspawn Necromancer) Turns: 1408, Time: 00:24:07

Health: 0/24       AC:  5    Str:  8    XL:     3   Next: 51%
Magic:  0/6        EV: 12    Int: 17    God:
Gold:   73         SH:  0    Dex: 13    Spells: 4/6 levels left

rFire    . . .     SeeInvis .   g - +0 club
rCold    . . .     Gourm    .   (no shield)
rNeg     . . .     Faith    .   a - +0 robe
rPois    .         Spirit   .   (no helmet)
rElec    .         Reflect  .   l - +2 cloak
rCorr    .         Harm     .   (no gloves)
MR       .....                  (no boots)
Stlth    ++++......             (no amulet)
HPRegen  0.08/turn              n - ring of flight
MPRegen  0.10/turn              (no ring)

@: no status effects
A: nightstalker 2
a: Evoke Flight


You were on level 2 of the Dungeon.
You were not hungry.

You visited 1 branch of the dungeon, and saw 2 of its levels.

You collected 73 gold pieces.

Inventory:

Hand Weapons
 g - a +0 club (weapon)
 h - a +0 club
 o - a +0 mace
 r - a +0 mace
 s - a cursed -3 club
 w - a +0 club
 E - a +0 dagger
 F - a +0 short sword
Missiles
 p - a throwing net (quivered)
 q - 18 bolts
 t - 14 poisoned needles
 z - 72 stones
 B - 16 arrows
Armour
 a - a +0 robe (worn)
 b - a +0 leather armour
 d - a +0 leather armour
 j - a +0 shield
 l - a +2 cloak (worn)
 x - a +0 ring mail of cold resistance
 A - a +0 ring mail
 C - a +0 plate armour
Jewellery
 n - a ring of flight (left hand)
Scrolls
 f - a scroll of enchant armour {unknown}
 i - a scroll of teleportation {unknown}
 m - 2 scrolls of remove curse
 u - a scroll of random uselessness {unknown}
 y - 3 scrolls of identify {unknown}
Potions
 e - a potion of flight {unknown}
 k - a potion of curing {unknown}
 v - a potion of ambrosia {unknown}
 D - 2 potions of berserk rage {unknown}
Comestibles
 c - 5 rations
 H - 8 chunks of flesh


   Skills:
 + Level 0.1 Maces & Flails
 + Level 1.9 Dodging
 + Level 2.1 Stealth
 + Level 2.4 Spellcasting
 + Level 5.2 Necromancy


You had 4 spell levels left.
You knew the following spells:

 Your Spells              Type           Power        Failure   Level  Hunger
a - Pain                  Necr           ###.         2%          1    #......
b - Animate Skeleton      Necr           N/A          2%          1    #......

Your spell library contained the following spells:

 Spells                   Type           Power        Failure   Level  Hunger
 Vampiric Draining        Necr           ###.......   6%          3    ###....
 Regeneration             Chrm/Necr      ##........   19%         3    ###....
 Animate Dead             Necr           N/A          22%         4    #####..


Dungeon Overview and Level Annotations

Branches:
Dungeon (2/15)

Altars:


Innate Abilities, Weirdness & Mutations

You are significantly more attuned to the shadows.


Message History

Some of the chunks of flesh in your inventory have rotted away.
Your goblin skeleton hits the hobgoblin.
The hobgoblin barely misses something.
The hobgoblin hits your adder skeleton.
Your adder skeleton bites the hobgoblin but does no damage.
Your goblin skeleton hits the hobgoblin.
The hobgoblin dies!
Your adder skeleton barely misses the hobgoblin.
Your goblin skeleton closely misses the hobgoblin.
The hobgoblin hits your adder skeleton with a club.
The jackal closely misses you.
Your magical contamination has completely faded away.
Casting: Pain (safe; 2% risk of failure)
Confirm with . or Enter, or press ? or * to list all spells.
Aiming: Pain (safe; 2% risk of failure)
Press: ? - help, Shift-Dir - straight line, f - jackal
Aim: a jackal (chance to defeat MR: 90%)
The jackal writhes in agony!
Your adder skeleton bites the hobgoblin.
The jackal bites you.
You die...

#...# # #...# #### #.
#...##... ...#..
#.######...##.####.......
##......................g.
.....>....................
##..................##).#
######...†....##h#Z....#.
#.#...#...@.Zg......
#.#...#.###.##.##.##
#.#...#.# #...... #
........# ####.###
##...### #.. .. ###


You could see a jackal, a hobgoblin, a friendly adder skeleton and a friendly
goblin skeleton.

Vanquished Creatures
  An adder (D:2)
  An ooze (D:2)
  A worm (D:2)
  3 leopard geckos (D:1)
  A bat (D:1)
  A giant cockroach (D:2)
  4 goblins
  2 hobgoblins (D:1)
  4 jackals (D:2)
  2 frilled lizards (D:1)
  2 kobolds (D:2)
22 creatures vanquished.

Vanquished Creatures (collateral kills)
  A worm (D:2)
  A ball python (D:1)
  A bat (D:1)
  A giant cockroach (D:1)
  A hobgoblin (D:2)
  A goblin (D:2)
6 creatures vanquished.

Grand Total: 28 creatures vanquished

Notes
Turn   | Place    | Note
-------+----------+-------------------------------------------
     0 | D:1      | voilodion the Demonspawn Necromancer began the quest for
                  | the Orb.
     0 | D:1      | Reached XP level 1. HP: 13/13 MP: 3/3
   289 | D:1      | Gained mutation: You are slightly more attuned to the
                  | shadows. [demonic ancestry]
   289 | D:1      | Reached XP level 2. HP: 16/19 MP: 1/5
   298 | D:1      | Learned a level 1 spell: Animate Skeleton
   602 | D:1      | Reached skill level 5 in Necromancy
  1235 | D:2      | Gained mutation: You are significantly more attuned to the
                  | shadows. [demonic ancestry]
  1235 | D:2      | Reached XP level 3. HP: 7/24 MP: 3/6
  1408 | D:2      | Slain by a jackal

Skill      XL: |  1  2 |
---------------+-------+-----
Stealth        | 2 |  2.1
Necromancy     | 5 |  5.2
Maces & Flails | |  0.1
Dodging        | |  1.9
Spellcasting   | |  2.4

Action                   || total
-------------------------++-------
Melee: Unarmed           ||     7
       Club              ||    32
 Cast: Pain              ||    44
       Animate Skeleton  ||    14
  Use: Scroll            ||     1
  Eat: Ration            ||     1
Armor: Robe              ||    28
Dodge: Dodged            ||    63
